 Dungeon Crawl Stone Soup version 0.30-a0-913-g9934a0ce24 (webtiles) character file.

Game seed: 3642372781207571697

59 Rocko1345 the Covered (level 4, -2/35 HPs)
             Began as a Human Fighter on Mar 19, 2023.
             Slain by a hobgoblin (5 damage)
             ... led by Robin
             ... on level 2 of the Dungeon.
             The game lasted 00:04:40 (965 turns).

Rocko1345 the Covered (Human Fighter)                Turns: 965, Time: 00:04:41

Health: -2/35      AC:  6    Str: 16    XL:     4   Next: 22%
Magic:  4/4        EV:  8    Int:  9    God:
Gold:   25         SH:  5    Dex: 14    Spells: 3/3 levels left

rFire   . . .      SeeInvis .    a - +0 long sword
rCold   . . .      Faith    .    c - +0 buckler
rNeg    . . .      Spirit   .    b - +0 scale mail
rPois   .          Reflect  .    (no helmet)
rElec   .          Rampage  .    (no cloak)
rCorr   .                        (no gloves)
Will    .....                    (no boots) Stlth
                                 (no amulet)
HPRegen 0.25/turn                (no ring)
MPRegen 0.09/turn                (no ring)

@: mighty
A: no striking features
a: no special abilities


You were on level 2 of the Dungeon.
You visited 1 branch of the dungeon, and saw 2 of its levels.

You collected 25 gold pieces.

Inventory:

Hand Weapons
 a - a +0 long sword (weapon)
Missiles
 g - 2 javelins (quivered)
Armour
 b - a +0 scale mail (worn)
 c - a +0 buckler (worn)
Jewellery
 f - an amulet of faith
 h - a ring of ice
Scrolls
 e - a scroll of magic mapping {unknown}
Potions
 d - a potion of might
 i - 2 potions of haste {unknown}
 j - a potion of degeneration {unknown}
 k - a potion of magic {unknown}
 m - a potion of attraction {unknown}


   Skills:
 + Level 3.4 Fighting
 + Level 2.5 Long Blades
 + Level 1.1 Throwing
 + Level 3.4 Armour
 + Level 3.4 Shields


You had 3 spell levels left.
You didn't know any spells.
Your spell library was empty.

Dungeon Overview and Level Annotations

Branches:
Dungeon (2/15)

Altars:


Message History

The goblin hits you but does no damage. The goblin barely misses you.
Robin hits you but does no damage. The goblin barely misses you.
You hit Robin but do no damage.
Robin is severely wounded.
The goblin hits you with a +0 dagger.
A goblin comes into view. It is wielding a +0 dagger.
You block Robin's attack. The goblin barely misses you.
The goblin closely misses you.
You hit Robin.
Robin is almost dead.
The goblin no longer looks unusually strong.
Robin hits you with a +0 dagger.
A hobgoblin comes into view.
The goblin closely misses you. The goblin barely misses you.
Robin hits you with a +0 dagger. The goblin hits you with a +0 club.
* * * LOW HITPOINT WARNING * * *
A goblin comes into view. It is wielding a +0 dagger.
The hobgoblin moves out of view.
You hit Robin.
You kill Robin!
You block the goblin's attack. The goblin hits you but does no damage.
The goblin closely misses you.
You feel very mighty all of a sudden.
The goblin no longer looks unusually strong.
The goblin hits you with a +0 club.
* * * LOW HITPOINT WARNING * * *
The hobgoblin closely misses you. The goblin hits you but does no damage.
You closely miss the goblin.
The goblin is heavily wounded.
The goblin no longer looks unusually strong.
You block the goblin's attack. You block the hobgoblin's attack.
The goblin barely misses you.
You closely miss the goblin.
The goblin is heavily wounded.
The goblin closely misses you.
A hobgoblin comes into view.
The hobgoblin hits you.
* * * LOW HITPOINT WARNING * * *
The goblin hits you but does no damage. x2; The hobgoblin hits you.
You die...

... ... #.## ##.
#...## .g(.
#..####..# ##..#....#
#..gg.# . #.#g###.#
...#@###.#
#.###ggg..# . #..
###..### ..##. #...##
....###.#.#
#....#.#..# #
##...##.####### ..
#.............#
...####.##..........#


You could see 3 hobgoblins and 3 goblins.

Vanquished Creatures
  Robin (D:2)
  A worm (D:2)
  A dart slug (D:1)
  2 ball pythons (D:1)
  4 endoplasms (D:1)
  4 giant cockroaches (D:1)
  6 hobgoblins
  3 quokkas (D:1)
  3 bats (D:1)
  4 frilled lizards
  6 goblins
  3 kobolds (D:1)
  A rat (D:1)
39 creatures vanquished.

Notes
Turn   | Place    | Note
-------+----------+-------------------------------------------
     0 | D:1      | Rocko1345 the Human Fighter began the quest for the Orb.
     0 | D:1      | Reached XP level 1. HP: 18/18 MP: 1/1
    87 | D:1      | Reached XP level 2. HP: 24/24 MP: 2/2
   237 | D:1      | Reached XP level 3. HP: 23/29 MP: 3/3
   946 | D:2      | Noticed Robin
   951 | D:2      | Reached skill level 1 in Throwing
   956 | D:2      | Reached XP level 4. HP: 22/35 MP: 4/4
   962 | D:2      | Killed Robin
   965 | D:2      | Slain by a hobgoblin

Illustrated notes

Levels and vault maps discovered:
D:1:      spicycebolla_green_bress_n_ham_2, layout_basic, fountainhead,
          minmay_hexomino_c4
D:2:      layout_rooms, uniq_robin

Skill      XL: |  1  2  3 |
---------------+----------+-----
Throwing       | 1 |  1.1
Fighting       | |  3.4
Long Blades    | |  2.5
Armour         | |  3.4
Shields        | |  3.4

Action                     |  1- 3 |  4- 6 || total
---------------------------+-------+-------++-------
  Melee: Long sword        |   102 |     9 ||   111
  Throw: Javelin           |     1 |       ||     1
    Use: Scroll            |     3 |       ||     3
         Potion            |       |     1 ||     1
 Armour: Scale mail        |    46 |     9 ||    55
  Dodge: Dodged            |    36 |    11 ||    47
  Block: Buckler           |    19 |     6 ||    25

Table legend: (Time is in decaauts)
 A = Elapsed time spent in this place.
 B = Non-inter-level travel time spent in this place.
 C = Inter-level travel time spent in this place.
 D = Time resting spent in this place.
 E = Time spent auto-exploring this place.
 F = Levels seen in this place.
 G = Mean time per level.
                   A        B        C        D        E       F      G
               +--------+--------+--------+--------+--------+-----+--------+
         Total |   1001 |    977 |     24 |    161 |    497 |   2 |  500.5 |
       Dungeon |   1001 |    977 |     24 |    161 |    497 |   2 |  500.5 |
               +--------+--------+--------+--------+--------+-----+--------+

Top non-repeatable levels by time:
     D:1: 866 daAuts
     D:2: 135 daAuts
